 Dungeon Crawl Stone Soup version 0.31-a0-229-g1fc7ce93e2 (webtiles) character file.

Game seed: 10035073250704108816

32 qw the Shooter (level 3, 0/21 HPs)
             Began as a Gargoyle Hexslinger on July 6, 2023.
             Slain by a goblin
             ... wielding a +0 club
             ... led by Robin
              (4 damage)
             ... on level 2 of the Dungeon.
             The game lasted 00:00:16 (633 turns).

qw the Shooter (Gargoyle Hexslinger)                 Turns: 633, Time: 00:00:17

Health: 0/21       AC:  8    Str: 11    XL:     3   Next: 27%
Magic:  4/4        EV: 10    Int: 13    God:
Gold:   86         SH:  0    Dex: 14    Spells: 3/4 levels left

rFire   . . .        a - +1 sling
rCold   . . .        (no shield)
rNeg    + . .        e - +0 ring mail
rPois   inf          (no helmet)
rElec   +            (no cloak)
rCorr   .            (no gloves)
SInv    .            (no boots)
Will    .....        (no amulet)
Stlth   +            (no ring)
HPRegen 0.23/turn    (no ring)
MPRegen 0.09/turn

%: no passive effects
@: no status effects
A: sickness immunity, AC +3, negative energy resistance 1, electricity
resistance, torment resistance 1, petrification resistance
a: no special abilities


You were on level 2 of the Dungeon.
You visited 1 branch of the dungeon, and saw 2 of its levels.

You collected 86 gold pieces.


Innate Abilities, Weirdness & Mutations

You are immune to sickness and miasma.
Your stone body is resilient. (AC +3)
You are immune to poison.
You resist negative energy. (rN+)
You are resistant to electric shocks. (rElec)
You are resistant to unholy torment.
You are immune to petrification.


   Skills:
 - Level 2.0 Fighting
 + Level 3.2 Ranged Weapons
 - Level 1.5 Dodging
 - Level 1.0 Spellcasting
 - Level 2.6 Hexes


You had 3 spell levels left.
You knew the following spells:

 Your Spells              Type           Power      Damage    Failure   Level
a - Slow                  Hex            28%        N/A       22%         1

Your spell library contained the following spells:

 Spells                   Type           Power      Damage    Failure   Level
 Inner Flame              Hex/Fire       4%         N/A       75%         3
 Portal Projectile        Hex/Tloc       8%         N/A       75%         3
 Cause Fear               Hex            3%         N/A       92%         4

Inventory:

Hand Weapons
 a - a +1 sling (weapon)
Armour
 e - a +0 ring mail (worn)
Potions
 d - a potion of degeneration {unknown}

Dungeon Overview and Level Annotations

Branches:
Dungeon (2/15)

Altars:

Annotations:
D:2 Robin


Message History

The sling bullet hits the goblin but does no damage.
A goblin comes into view. It is wielding a +0 club.
You shoot a sling bullet.
The sling bullet hits the goblin but does no damage.
The goblin closely misses you. x2
A goblin comes into view. It is wielding a +0 club.
The goblin hits you but does no damage. x2; The goblin moves out of view.
You shoot a sling bullet.
The sling bullet barely misses the goblin.
The goblin hits you but does no damage. The goblin hits you with a +0 club.
A goblin comes into view. It is wielding a +0 club.
You shoot a sling bullet.
The sling bullet completely misses the goblin.
The goblin shouts! x2
The goblin hits you but does no damage. x2; Robin throws the goblin at you!
The goblin closely misses you. The goblin barely misses you.
The goblin misses you. Robin hits you but does no damage.
You shoot a sling bullet. The sling bullet hits the goblin.
The goblin is moderately wounded.
The goblin hits you with a +0 dagger. The goblin hits you but does no damage.
The goblin closely misses you. Robin closely misses you.
You shoot a sling bullet. The sling bullet hits the goblin.
You kill the goblin!
Robin misses you.
The goblin hits you but does no damage. x2
You shoot a sling bullet.
The sling bullet closely misses the hobgoblin.
Robin hits you but does no damage.
The hobgoblin hits you but does no damage.
The goblin barely misses you. The goblin hits you with a +0 club. x2
The hobgoblin closely misses you. The goblin hits you with a +0 club.
You shoot a sling bullet.
The sling bullet barely misses the hobgoblin.
The hobgoblin no longer looks unusually strong.
The hobgoblin barely misses you. The goblin barely misses you.
Robin says, "My goblins will feast on your bones."
Robin hits you but does no damage. The goblin completely misses you.
You shoot a sling bullet.
The sling bullet hits the hobgoblin but does no damage.
The hobgoblin closely misses you. The goblin hits you with a +0 club.
You die...

#### #g.#
#@##
#gg...#
#gg......
.g....#.#
..#####
.).. )#=#
..#.#


You could see Robin, a hobgoblin and 4 goblins.

Vanquished Creatures
  A dart slug (D:1)
  A bat (D:1)
  2 endoplasms (D:1)
  A giant cockroach (D:1)
  4 hobgoblins (D:1)
  9 kobolds (D:1)
  A quokka (D:1)
  6 goblins
  A rat (D:1)
26 creatures vanquished.

Notes
Turn   | Place    | Note
-------+----------+-------------------------------------------
     0 | D:1      | qw the Gargoyle Hexslinger began the quest for the Orb.
     0 | D:1      | Reached XP level 1. HP: 12/12 MP: 2/2
     0 | D:1      | 0 ||| qw: Version: 0.3-a-46-gb1f654a
     0 | D:1      | 0 ||| qw: Game counter: 1206
     0 | D:1      | 0 ||| qw: Melee chars always use a shield: true
     0 | D:1      | 0 ||| qw: God list: Okawaru
     0 | D:1      | 0 ||| qw: Allow faded altars: false
     0 | D:1      | 0 ||| qw: Do Orc after clearing Dungeon:15 true
     0 | D:1      | 0 ||| qw: Do second Lair branch before Depths: true
     0 | D:1      | 0 ||| qw: Lair rune preference: random
     0 | D:1      | 0 ||| qw: Goals: Normal
     0 | D:1      | 0 ||| PLANNING D:1-11
   170 | D:1      | Reached XP level 2. HP: 14/16 MP: 3/3
   202 | D:1      | Reached skill level 3 in Ranged Weapons
   373 | D:1      | Reached XP level 3. HP: 21/21 MP: 4/4
   585 | D:1      | 585 ||| UPGRADING to +0 ring mail.
   595 | D:1      | 595 ||| DROPPING +0 robe.
   596 | D:1      | 596 ||| DROPPING scroll of poison.
   622 | D:2      | Noticed Robin
   631 | D:2      | HP: 3/21 [goblin/+0 club[Robin] (5)]
   633 | D:2      | Slain by a goblin

Levels and vault maps discovered:
D:1:      dpeg_arrival_castle, layout_basic, minmay_bisected
D:2:      layout_basic, serial_shops, shop_statue, kennysheep_path_1,
          uniq_natasha, uniq_robin, uniq_crazy_yiuf_cottage

Skill      XL: |  1  2 |
---------------+-------+-----
Ranged Weapons | 3 |  3.2
Fighting       | 2 |  2.0
Dodging        | |  1.5
Spellcasting   | |  1.0
Hexes          | |  2.6

Action                     || total
---------------------------++-------
   Fire: Sling             ||    76
 Armour: Robe              ||     4
         Ring mail         ||    13
  Dodge: Dodged            ||    27

Table legend:
 A = Non-vault XP
 B = Vault XP
 C = Vault XP percentage of total XP
 D = Non-vault monster count
 E = Vault monster count
 F = Vault count percentage of total count
                 A         B        C        D         E       F
            +---------+---------+-------+---------+---------+-------
      Total |      35 |      12 |  25.5 |      19 |       7 |  26.9
            +---------+---------+-------+---------+---------+-------
        D:1 |      35 |       5 |  12.5 |      19 |       3 |  13.6
        D:2 |       0 |       7 | 100.0 |       0 |       4 | 100.0
            +---------+---------+-------+---------+---------+-------
